 Dungeon Crawl Stone Soup version 0.22.1-2-g9c5b331383 (webtiles) character file.

314 Ihlosi the Slasher (level 6, -10/48 HPs)
             Began as a Human Gladiator on Nov 22, 2018.
             Mangled by a gnoll
             ... wielding a +0 spear of distortion
              (12 damage)
             ... on level 4 of the Dungeon.
             The game lasted 00:09:07 (3768 turns).

Ihlosi the Slasher (Human Gladiator)                Turns: 3768, Time: 00:09:07

Health: -10/48     AC:  7    Str: 18    XL:     6   Next: 72%
Magic:  6/6        EV: 13    Int:  8    God:
Gold:   162        SH:  0    Dex: 16    Spells: 5/5 levels left

rFire    . . .     SeeInvis .   a - +0 long sword
rCold    . . .     Gourm    .   (no shield)
rNeg     . . .     Faith    .   q - +0 leather armour (curse)
rPois    +         Spirit   .   c - +1 helmet
rElec    .         Reflect  .   s - +0 cloak
rCorr    .         Harm     .   v - +0 pair of gloves
MR       .....                  (no boots)
Stlth    ++........             (no amulet)
HPRegen  0.16/turn              i - ring of poison resistance
MPRegen  0.10/turn              o - +3 ring of strength

@: no status effects
A: no striking features
a: no special abilities


You were on level 4 of the Dungeon.
You were not hungry.

You visited 1 branch of the dungeon, and saw 4 of its levels.
You also visited: Sewer.

You collected 162 gold pieces.

Inventory:

Hand Weapons
 a - a +0 long sword (weapon)
Missiles
 d - 2 throwing nets (quivered)
 m - 79 bolts
Armour
 b - a +0 leather armour
 c - a +1 helmet (worn)
 q - a cursed +0 leather armour (worn)
 s - a +0 cloak (worn)
 v - a +0 pair of gloves (worn)
Jewellery
 i - a ring of poison resistance (left hand)
 o - a +3 ring of strength (right hand)
Wands
 r - a wand of flame (22)
 w - a wand of polymorph (13)
Scrolls
 e - a scroll of magic mapping {unknown}
 g - 5 scrolls of teleportation
 h - 5 scrolls of remove curse
 j - a scroll of fear
Potions
 k - a potion of invisibility {unknown}
 l - 2 potions of curing
 n - a potion of brilliance {unknown}
 p - a potion of magic {unknown}
 t - 2 potions of might {unknown}
 u - a potion of lignification {unknown}
 x - a potion of heal wounds {unknown}
 A - a potion of haste
Comestibles
 f - 5 rations
 z - a chunk of flesh


   Skills:
 * Level 3.8 Fighting
 + Level 5.1 Long Blades
 - Level 2.0 Throwing
 * Level 2.7 Armour
 - Level 3.0 Dodging
 - Level 1.0 Stealth


You had 5 spell levels left.
You didn't know any spells.
Your spell library was empty.

Dungeon Overview and Level Annotations

Branches:
Dungeon (4/15)
 Temple: D:4-7

Altars:


Message History

Space warps horribly around you!
The gnoll shaman calls upon its god to heal the gnoll.
The gnoll's wounds heal themselves!
The gnoll hits you with a spear of distortion.
Space bends around you.
* * * LOW HITPOINT WARNING * * *
You feel better.
The gnoll hits you with a spear of distortion.
Space bends around you.
* * * LOW HITPOINT WARNING * * *
Okay, then.
As you read the scroll of fear, it crumbles to dust.
You assume a fearsome visage.
The gnoll shaman looks frightened!
The gnoll looks frightened! x2; The ice beast looks frightened!
Cornered, the gnoll turns to fight!
The gnoll barely misses you.
The gnoll hits you from afar with a spear of distortion!
* * * LOW HITPOINT WARNING * * *
Space warps horribly around you!
You die...

....##############'##)........#..
.........................#.......
.........................# ####.
.........................# #.
.#.#########.###..###.##.# #.
.#.# #.####.###.##.# ####. ...#
#.............# #....
...###############.#..#######....
........gYg...g.@................
....(.....########....#######....
..........# #...............
..........# #...........###.
..........# ###..######.# #.
..........# ..># #.# #.
....g.....# ##### #.# #.
...g......# #.# #. ..........#
#.# #.


You could see an ice beast (fleeing), a gnoll shaman (fleeing) and a gnoll.

Vanquished Creatures
  A scorpion (D:4)
  A hound (D:4)
  Crazy Yiuf (D:3)
  A hound skeleton (D:4)
  Robin (D:2)
  2 adders
  4 river rats
  3 worms
  3 dart slugs
  3 leopard geckos
  6 orcs
  5 ball pythons
  5 bats
  A giant cockroach (D:2)
  21 goblins
  12 hobgoblins
  8 jackals
  9 frilled lizards
  9 kobolds
  12 rats
108 creatures vanquished.

Notes
Turn   | Place    | Note
-------+----------+-------------------------------------------
     0 | D:1      | Ihlosi the Human Gladiator began the quest for the Orb.
     0 | D:1      | Reached XP level 1. HP: 16/16 MP: 1/1
   149 | D:1      | Reached XP level 2. HP: 18/22 MP: 2/2
   377 | D:1      | Reached skill level 1 in Stealth
   377 | D:1      | Reached XP level 3. HP: 26/28 MP: 3/3
   854 | D:2      | Reached skill level 1 in Armour
   896 | D:2      | Noticed Robin
  1217 | D:1      | Reached XP level 4. HP: 31/34 MP: 4/4
  1251 | D:2      | Killed Robin
  1379 | D:2      | Found a faded altar of an unknown god.
  1673 | D:2      | Reached skill level 4 in Long Blades
  2135 | D:3      | Reached XP level 5. HP: 39/40 MP: 5/5
  2645 | D:3      | Found a runed door.
  2649 | D:3      | Noticed Crazy Yiuf
  2656 | D:3      | Killed Crazy Yiuf
  2926 | D:4      | Reached XP level 6. HP: 47/47 MP: 6/6
  3013 | D:4      | Found a glowing drain.
  3085 | D:4      | Reached skill level 5 in Long Blades
  3159 | Sewer    | Entered a sewer
  3750 | D:4      | Noticed an ice beast
  3768 | D:4      | HP: 2/48 [gnoll/spear of distortion (9)]
  3768 | D:4      | Mangled by a gnoll

Skill      XL: |  1  2  3  4  5  6 |
---------------+-------------------+-----
Stealth        | 1 |  1.0
Armour         | 1 2 |  2.7
Long Blades    | 4 5 |  5.1
Fighting       | 3 |  3.8
Throwing       | |  2.0
Dodging        | |  3.0

Action                   |  1- 3 |  4- 6 || total
-------------------------+-------+-------++-------
Melee: Long sword        |    80 |   218 ||   298
Throw: Throwing net      |       |     1 ||     1
  Use: Scroll            |     3 |     4 ||     7
       Potion            |       |     4 ||     4
 Stab: Sleeping          |     1 |     1 ||     2
       Held in net/web   |       |     2 ||     2
  Eat: Chunk             |     1 |     9 ||    10
Armor: Leather armour    |    28 |    72 ||   100
Dodge: Dodged            |    68 |   168 ||   236
       Rpst.: Long sword |    27 |    50 ||    77
